 Dungeon Crawl Stone Soup version 0.28.0-53-g5a82cb258f (webtiles) character file.

Game seed: 6770051535332626448

602 MiltankisOP the Grave Robber (level 7, 0/36 HPs)
             Began as a Deep Elf Conjurer on June 24, 2022.
             Succumbed to a kobold brigand's curare-tipped dart
             ... in a sewer.
             The game lasted 00:11:45 (4522 turns).

MiltankisOP the Grave Robber (Deep Elf Conjurer)    Turns: 4522, Time: 00:11:46

Health: 0/36       AC:  2    Str:  4    XL:     7   Next: 18%
Magic:  18/18      EV: 12    Int: 25    God:
Gold:   306        SH:  0    Dex: 13    Spells: 15/18 levels left

rFire   . . .      SeeInvis .   q - +1 great sword (holy)
rCold   . . .      Faith    .   (shield currently unavailable)
rNeg    . . .      Spirit   .   a - +0 robe
rPois   .          Reflect  .   (no helmet)
rElec   .          Harm     .   (no cloak)
rCorr   .          Rampage  .   (no gloves)
Will    .....                   (no boots)
Stlth   ++........              (no amulet)
HPRegen 0.12/turn               (no ring)
MPRegen 0.16/turn               (no ring)

@: lethally poisoned (0 -> -17), on berserk cooldown, slowed, very slow
A: no striking features
a: no special abilities


You were in a sewer.
You visited 1 branch of the dungeon, and saw 5 of its levels.
You also visited: Sewer.

You collected 306 gold pieces.

Inventory:

Hand Weapons
 q - a +1 great sword of holy wrath (weapon)
Armour
 a - a +0 robe (worn)
Scrolls
 b - a scroll of fog {unknown}
 d - a scroll of torment {unknown}
 e - 2 scrolls of identify {unknown}
 h - a scroll of acquirement {unknown}
 i - a scroll of immolation {unknown}
 j - a scroll of brand weapon {unknown}
 m - a scroll of vulnerability {unknown}
 n - a scroll of teleportation {unknown}
 o - 3 scrolls of blinking {unknown}
Potions
 c - a potion of berserk rage
 f - a potion of lignification {unknown}
 g - a potion of flight {unknown}
 k - a potion of magic {unknown}
 l - a potion of heal wounds {unknown}
 p - a potion of resistance {unknown}


   Skills:
 - Level 2.4 Dodging
 - Level 2.4 Stealth
 - Level 6.0 Spellcasting
 - Level 6.0 Conjurations
 + Level 6.4 Necromancy


You had 15 spell levels left.
You knew the following spells:

 Your Spells              Type           Power      Damage    Failure   Level
a - Magic Dart            Conj           100%       1d8       1%          1
b - Searing Ray           Conj           74%        2d7       1%          2

Your spell library contained the following spells:

 Spells                   Type           Power      Damage    Failure   Level
 Animate Skeleton         Necr           78%        N/A       1%          1
 Pain                     Necr           100%       1d9       1%          1
 Vampiric Draining        Necr           39%        2d8       1%          3
 Conjure Flame            Conj/Fire      22%        6-21      6%          3
 Dazzling Flash           Conj/Hex       44%        N/A       6%          3
 Summon Small Mammal      Summ           28%        N/A       8%          1
 Blink                    Tloc           14%        N/A       11%         2
 Call Canine Familiar     Summ           7%         N/A       22%         3
 Ignite Poison            Fire/Tmut/Pois 7%         N/A       22%         3
 Summon Guardian Golem    Hex/Summ       7%         N/A       22%         3
 Fulminant Prism          Conj/Hex       11%        3d9       22%         4
 Iskenderun's Mystic Bla  Conj/Tloc      22%        2d6       22%         4
 Sticky Flame             Conj/Fire      22%        2d4       22%         4
 Manifold Assault         Tloc           7%         N/A       90%         5
 Storm Form               Tmut/Air       3%         N/A       100%        7


Dungeon Overview and Level Annotations

Branches:
Dungeon (5/15)              Sewer (1/1)
 Temple: D:4-7

Altars:
Okawaru
Trog

Shops:
D:4 :


Message History

You enter the shallow water.
Moving in this stuff is going to be slow.
You enter the shallow water.
Moving in this stuff is going to be slow.
A kobold and a kobold brigand come into view.
The kobold brigand is wielding a +0 dagger and quivering curare-tipped darts.
The kobold shouts!
The kobold brigand shouts!
The kobold brigand throws a curare-tipped dart.
The curare-tipped dart hits you.
You are poisoned.
You have difficulty breathing.
You feel yourself slow down.
You feel very sick.
You enter the shallow water.
Moving in this stuff is going to be slow.
You feel very sick.
You feel sick.
Okay, then.
It was a potion of berserk rage.
A red film seems to cover your vision as you go berserk!
You feel yourself moving faster!
You feel mighty!
You feel sick.
You are no longer poisoned.
You enter the shallow water.
Moving in this stuff is going to be slow.
You feel a strong urge to attack something.
You closely miss the kobold.
The kobold brigand throws a curare-tipped dart.
The curare-tipped dart hits you.
You are poisoned.
You have difficulty breathing.
You feel as though you will be slow longer.
The kobold hits you with a +0 dagger.
You are no longer berserk.
You are exhausted.
You feel as though you will be slow longer.
* * * LOW HITPOINT WARNING * * *
You feel very sick.
You slash the kobold!
You kill the kobold!
You hear a splash.
You die...

#≈ K# #≈ ≈# ≈#≈
.≈≈ #≈# ≈# #≈#
≈# #.###≈#
#K)≈≈≈# ##≈@≈##
#.≈.# #≈≈≈# ≈.#
##.≈≈# ≈≈.≈#
##...≈#
≈≈≈..#####≈.≈≈.#
.≈..≈≈.≈≈....##
#≈≈≈≈≈≈≈≈.###
#...≈.≈.##


You could see a kobold brigand.

Vanquished Creatures
  A water moccasin (D:5)
  A water moccasin zombie (D:5)
  A water moccasin skeleton (D:5)
  3 hounds
  An orc priest (D:4)
  Natasha (thrice) (D:2)
  4 gnolls (D:3)
  6 adders
  An ufetubus (D:5)
  A worm (D:5)
  3 dart slugs
  12 orcs
  3 bats
  7 endoplasms
  4 giant cockroaches
  2 hobgoblins
  8 jackals
  2 quokkas
  3 ball pythons
  3 frilled lizards
  5 goblins
  10 kobolds
  8 rats
92 creatures vanquished.

Notes
Turn   | Place    | Note
-------+----------+-------------------------------------------
     0 | D:1      | MiltankisOP the Deep Elf Conjurer began the quest for the
                  | Orb.
     0 | D:1      | Reached XP level 1. HP: 10/10 MP: 6/6
    67 | D:1      | Found a faded altar of an unknown god.
   262 | D:1      | Reached XP level 2. HP: 15/15 MP: 6/8
   268 | D:1      | Reached skill level 5 in Conjurations
   882 | D:1      | Reached XP level 3. HP: 19/19 MP: 5/9
  1226 | D:2      | Noticed Natasha
  1229 | D:2      | Killed Natasha
  1516 | D:2      | Noticed Natasha
  1520 | D:2      | Killed Natasha
  1521 | D:2      | Reached XP level 4. HP: 22/24 MP: 6/12
  1775 | D:2      | Noticed Natasha
  1784 | D:2      | Killed Natasha
  1827 | D:2      | Learned a level 2 spell: Searing Ray
  2120 | D:3      | Reached skill level 5 in Spellcasting
  2128 | D:3      | Reached XP level 5. HP: 28/28 MP: 6/14
  2667 | D:3      | Reached skill level 1 in Necromancy
  3044 | D:4      | Found Ruqet's Book Shop.
  3490 | D:4      | Reached XP level 6. HP: 32/32 MP: 13/17
  3672 | D:4      | Found a bloodstained altar of Trog.
  3672 | D:4      | Found an iron altar of Okawaru.
  3973 | D:5      | Entered Level 5 of the Dungeon
  3976 | D:5      | Noticed a water moccasin
  3980 | D:5      | Killed a water moccasin
  4104 | D:5      | Reached skill level 5 in Necromancy
  4345 | D:5      | Reached XP level 7. HP: 32/36 MP: 10/18
  4488 | D:5      | Found a glowing drain.
  4492 | Sewer    | Entered a sewer
  4522 | Sewer    | Succumbed to a kobold brigand's curare-tipped dart

Illustrated notes

Levels and vault maps discovered:
D:1:      dpeg_arrival_concentric_ovals, layout_loops_ring,
          ebering_ecumenical_altar_webs, st_stairs_13, serial_bayou_lake_a
D:2:      layout_basic, uniq_natasha
D:3:      minmay_spotlight, layout_basic
D:4:      minmay_recursive_quarters, layout_cave_pods,
          grunt_temple_overflow_bloody_war, serial_shops, shop, minivault_26
D:5:      layout_cave_pools, gup_sewer_entry_spiral, kennysheep_generic_room_8
Sewer:    sewer_co_tree

Skill      XL: |  1  2  3  4  5  6 |
---------------+-------------------+-----
Conjurations   | 5 6 |  6.0
Spellcasting   | 4 5 6 |  6.0
Necromancy     | 2 6 |  6.4
Dodging        | |  2.4
Stealth        | |  2.4

Action                   |  1- 3 |  4- 6 |  7- 9 || total
-------------------------+-------+-------+-------++-------
Melee: Great sword       |       |       |     2 ||     2
 Cast: Magic Dart        |    58 |   101 |     3 ||   162
       Searing Ray       |       |    14 |     4 ||    18
  Use: Potion            |       |       |     1 ||     1
Armor: Robe              |       |     1 |       ||     1
Dodge: Dodged            |     1 |    18 |     4 ||    23
